 Dungeon Crawl Stone Soup version 0.29.1-1-gd02db6906a (webtiles) character file.

Game seed: 10788916625617540799

33 Alliumium the Trooper (level 3, -1/36 HPs)
             Began as a Minotaur Fighter on Sept 16, 2022.
             Slain by a ball python (2 damage)
             ... on level 2 of the Dungeon.
             The game lasted 00:01:44 (964 turns).

Alliumium the Trooper (Minotaur Fighter)             Turns: 964, Time: 00:01:45

Health: -1/36      AC:  6    Str: 22    XL:     3   Next: 12%
Magic:  2/2        EV:  6    Int:  5    God:
Gold:   63         SH:  4    Dex:  9    Spells: 2/2 levels left

rFire   . . .      SeeInvis .   a - +0 flail
rCold   . . .      Faith    .   c - +0 buckler
rNeg    . . .      Spirit   .   b - +0 scale mail
rPois   .          Reflect  .   (helmet restricted)
rElec   .          Harm     .   (no cloak)
rCorr   .          Rampage  .   (no gloves)
Will    .....                   (no boots)
Stlth   ..........              (no amulet)
HPRegen 0.12/turn               (no ring)
MPRegen 0.08/turn               (no ring)

@: mighty, slowed, constricted, very slow
A: horns 2, retaliatory headbutt
a: no special abilities


You were on level 2 of the Dungeon.
You visited 1 branch of the dungeon, and saw 3 of its levels.

You collected 63 gold pieces.

Inventory:

Hand Weapons
 a - a +0 flail (weapon)
Armour
 b - a +0 scale mail (worn)
 c - a +0 buckler (worn)
Scrolls
 e - a scroll of immolation {unknown}
 j - a scroll of enchant armour {unknown}
Potions
 f - a potion of cancellation {unknown}
 g - 2 potions of attraction {unknown}
 h - a potion of ambrosia {unknown}
 i - a potion of flight {unknown}
 k - a potion of haste {unknown}


   Skills:
 - Level 5.0 Fighting
 + Level 2.9 Maces & Flails
 - Level 3.6 Armour
 - Level 3.6 Shields


You had 2 spell levels left.
You didn't know any spells.
Your spell library contained the following spells:

 Spells                   Type           Power      Damage    Failure   Level
 Conjure Flame            Conj/Fire      0%         6-21      99%         3
 Ignite Poison            Fire/Tmut/Pois 0%         N/A       99%         3
 Sticky Flame             Conj/Fire      0%         2d3       100%        4


Dungeon Overview and Level Annotations

Branches:
Dungeon (3/15)

Altars:

Shops:
D:1 :

Annotations:
D:2 Natasha


Innate Abilities, Weirdness & Mutations

You have a pair of horns on your head.
You reflexively headbutt those who attack you in melee.


Message History

Found a ring mail and a scroll labelled ESYAGU POENOGO.
Found an escape hatch in the floor.
Found a stone staircase leading up.
There is a stone staircase leading down here.
The ball python attacks as you move away!
The ball python bites you.
Natasha casts a spell.
You hit the kobold.
You kill the kobold!
The ball python bites you but does no damage.
The ball python closely misses you. x2; The ball python misses you.
The ball python attacks as you move away!
The ball python closely misses you. Natasha claws you.
Things that are here:
a +0 dagger; 4 stones Natasha claws you!
There is a stone staircase leading up here.
The ball python bites you but does no damage.
The ball python grabs you.
You stop ascending the stairs.
The ball python constricts you. Natasha claws you!
* * * LOW HITPOINT WARNING * * *
You block the ball python's attack. The ball python constricts you.
The ball python's grasp on you weakens, but your attempt to escape fails.
You block the ball python's attack. The ball python constricts you.
Natasha claws you.
* * * LOW HITPOINT WARNING * * *
You feel very mighty all of a sudden. The iron imp barely misses you.
The ball python bites you but does no damage.
The ball python constricts you.
Natasha stares at you and mumbles some strange words.
You feel yourself slow down.
You closely miss the ball python. The ball python bites you.
* * * LOW HITPOINT WARNING * * *
The ball python constricts you. The iron imp barely misses you.
You furiously retaliate!
You headbutt the iron imp! Natasha casts a spell at you.
The magic dart hits you!
* * * LOW HITPOINT WARNING * * *
The ball python bites you.
You die...

###.....#
.......##
##.......#
#........#
#.......>#
##........#
#...5.....###..
#@S).>.....[.
#...h.....###..
#.........#
#.#.......#.#.
...#.........#.#
##...........#..#
#
...###..#####..###
# ###.
?.###.......####
#.......##..


You could see an iron imp (summoned), Natasha and a ball python.

Vanquished Creatures
  An adder (D:2)
  A dart slug (D:2)
  3 ball pythons
  2 endoplasms
  2 goblins
  A hobgoblin (D:1)
  3 kobolds (D:2)
  3 quokkas (D:1)
  4 bats
  A frilled lizard (D:1)
  2 rats
23 creatures vanquished.

Notes
Turn   | Place    | Note
-------+----------+-------------------------------------------
     0 | D:1      | Alliumium the Minotaur Fighter began the quest for the Orb.
     0 | D:1      | Reached XP level 1. HP: 19/19 MP: 0/0
   137 | D:1      | Reached skill level 4 in Fighting
   233 | D:1      | Reached XP level 2. HP: 28/28 MP: 1/1
   464 | D:1      | Found Etazyvod's Book Emporium.
   668 | D:1      | Found a faded altar of an unknown god.
   764 | D:2      | Reached skill level 5 in Fighting
   869 | D:2      | Reached XP level 3. HP: 34/36 MP: 2/2
   948 | D:2      | You fall into a shaft and drop 1 floor!
   955 | D:2      | Noticed Natasha
   964 | D:2      | HP: 1/36 [Natasha/magic dart (7)]
   964 | D:2      | Slain by a ball python

Illustrated notes

Levels and vault maps discovered:
D:1:      scummos_arrival_checkerplants, layout_basic, serial_shops, shop,
          dilly_ecumenical_altar_fadedgnrine, minmay_octomino_e4
D:2:      layout_rooms, uniq_natasha
D:3:      layout_rooms, mainiacjoe_overflow_six_doors_small,
          pf_guarded_unrand_delatra

Skill      XL: |  1  2 |
---------------+-------+-----
Fighting       | 4 5 |  5.0
Maces & Flails | |  2.9
Armour         | |  3.6
Shields        | |  3.6

Action                   || total
-------------------------++-------
Melee: Flail             ||    54
       Headbutt          ||    10
  Use: Potion            ||     1
Armor: Scale mail        ||    27
Dodge: Dodged            ||    43
Block: Buckler           ||    12
